AoeStats
← the shy

African Clearing

504450182Analyzed
4v4 RM · 27d ago on Sep 5, 2026· 44m 56s· 8 players
Game mode
Random Map
Map size
Large (8 player)
Population
200
Speed
Normal
Resources
Standard
Victory
Conquest
Starting age
Dark Age
Ending age
Imperial Age
RankedLock teamsTeams togetherTeam positionsShared explorationLock speedFull tech treeHidden civsTurbo modeCheats
Victory
Defeat
🇨🇳 Huns · China
1620
+12
🇮🇳 Slavs · India
1590
+13
🇧🇪 Poles · Belgium
1494
+17
🇹🇼 Maya · Taiwan
1450
+18
🇦🇺 Hindustanis · Australia
1590
-18
🇦🇺 Wei · Australia
1537
-16
🇦🇺 Hindustanis · Australia
1517
-15
🇦🇺 Aztecs · Australia
1423
-11
TDI
11:04 Loom
14:30 Feudal Age
14:56 Town Watch
18:56 Castle Age
17:18 Double-Bit Axe
17:51 Fishing Lines
20:02 Bow Saw
20:16 Scale Mail Armor
26:18 Chain Mail Armor
27:01 Herbal Medicine
27:53 Arson
31:46 Forging
36:49 Horse Collar
37:50 Wheelbarrow
38:37 Gillnets
43:47 Imperial Age
42:56 Iron Casting
42:36 Fletching
44:04 Heavy Plow
44:55 Coinage
44:56 Conscription
45:58 Two-Man Saw
Fakedos
7:33 Loom
13:50 Feudal Age
14:42 Double-Bit Axe
15:54 Town Watch
17:34 Fletching
25:33 Castle Age
25:31 Gold Mining
25:36 Crossbowman
26:11 Bodkin Arrow
26:36 Padded Archer Armor
26:47 Bow Saw
27:31 Wheelbarrow
34:25 Sanctity
34:18 Fervor
Pleco__
6:29 Loom
12:02 Feudal Age
16:55 Castle Age
16:08 Double-Bit Axe
16:05 Horse Collar
18:27 Horse Collar
19:09 Bow Saw
26:13 Scale Barding Armor
27:48 Chain Barding Armor
28:09 Bloodlines
27:59 Husbandry
28:09 Husbandry
28:25 Forging
39:25 Fletching
42:23 Wheelbarrow
Blue
13:05 Feudal Age
14:24 Double-Bit Axe
15:05 Loom
18:07 Castle Age
16:24 Horse Collar
17:42 Fletching
18:59 Bodkin Arrow
20:56 Padded Archer Armor
21:13 Bow Saw
24:32 Padded Archer Armor
25:06 Gold Mining
27:16 Husbandry
28:13 Bloodlines
30:47 Ballistics
33:07 Wheelbarrow
33:37 Thumb Ring
36:51 Imperial Age
36:50 Hand Cart
37:17 Tuntian
38:37 Bracer
39:12 Heavy Plow
40:25 Chemistry
40:12 Parthian Tactics
41:24 Leather Archer Armor
41:35 Conscription
41:14 Town Watch
42:02 Crop Rotation
41:24 Stone Mining
43:07 Ming Guang Armor
43:54 Ring Archer Armor
大漁哥哥
12:15 Feudal Age
13:25 Loom
17:07 Castle Age
14:58 Double-Bit Axe
15:55 Fletching
16:32 Gold Mining
18:03 Bow Saw
18:57 Crossbowman
22:12 Bodkin Arrow
25:03 Padded Archer Armor
26:31 Wheelbarrow
34:19 Ballistics
44:15 Horse Collar
Issue
7:02 Loom
12:11 Feudal Age
15:46 Double-Bit Axe
15:43 Horse Collar
17:35 Forging
22:51 Castle Age
21:19 Scale Barding Armor
21:40 Forging
22:19 Bloodlines
22:42 Gold Mining
24:00 Chain Barding Armor
29:10 Wheelbarrow
33:15 Hand Cart
38:14 Bow Saw
39:07 Husbandry
38:27 Light Cavalry
39:11 Stone Mining
39:57 Gold Shaft Mining
39:36 Stone Mining
46:25 Imperial Age
44:04 Town Watch
45:44 Iron Casting
45:29 Detinets
the shy
10:17 Loom
12:30 Feudal Age
18:01 Castle Age
16:05 Double-Bit Axe
17:27 Fletching
18:41 Bodkin Arrow
20:10 Fishing Lines
26:01 Husbandry
29:29 Ballistics
29:57 Padded Archer Armor
30:32 Horse Collar
33:51 Wheelbarrow
33:59 Bloodlines
35:23 Gold Mining
35:24 Stone Mining
37:29 Bow Saw
37:22 Heavy Plow
40:06 Imperial Age
38:03 Hand Cart
38:33 Gold Shaft Mining
37:57 Gillnets
38:59 Leather Archer Armor
40:28 Town Watch
40:07 Light Cavalry
40:49 Bracer
41:52 Chemistry
41:01 Thumb Ring
40:24 Capped Ram
41:38 Conscription
42:21 Scale Barding Armor
42:27 Forging
41:51 Heavy Cavalry Archer
42:57 Parthian Tactics
42:46 Siege Ram
44:03 Chain Barding Armor
Dangel2K
12:29 Feudal Age
14:53 Loom
16:01 Horse Collar
19:11 Double-Bit Axe
21:49 Castle Age
21:24 Scale Barding Armor
22:57 Light Cavalry
24:25 Bloodlines
25:12 Forging
26:00 Chain Barding Armor
29:09 Iron Casting
31:09 Bow Saw
31:40 Heavy Plow
33:59 Husbandry
37:00 Gold Mining
42:38 Imperial Age
41:03 Wheelbarrow
40:15 Town Watch
42:43 Winged Hussar
43:41 Fletching
Connection lost

Rejoining the realm…

Still unreachable

The connection could not be restored.

Session expired

The server has moved on; the page needs a fresh start.